AoeStats
← Dantegutsh

Arena

509823707Analyzed
4v4 RM · 4d ago on Sep 28, 2026· 41m 37s· 8 players
Game mode
Random Map
Map size
Large (8 player)
Population
200
Speed
Normal
Resources
Standard
Victory
Conquest
Starting age
Dark Age
Ending age
Imperial Age
RankedLock teamsTeams togetherTeam positionsShared explorationLock speedFull tech treeHidden civsTurbo modeCheats
Victory
Defeat
🇮🇳 Franks · India
1563
+10
🇦🇺 Italians · Australia
1501
+12
🇨🇳 Portuguese · China
1462
+14
🇺🇸 Gurjaras · United States
1391
+17
🇲🇽 Shu · Mexico
1505
-17
🇲🇽 Bengalis · Mexico
1453
-15
🇲🇽 Cumans · Mexico
1408
-13
🇲🇽 Tatars · Mexico
1287
-8
A Mongolito
5:27 Loom
11:37 Feudal Age
12:48 Double-Bit Axe
12:49 Horse Collar
15:39 Castle Age
16:42 Bow Saw
15:54 Light Cavalry
20:30 Loom
21:16 Bloodlines
24:46 Forging
25:17 Wheelbarrow
26:20 Scale Barding Armor
28:27 Iron Casting
28:14 Chain Barding Armor
32:37 Hand Cart
34:58 Imperial Age
32:40 Heavy Plow
35:03 Husbandry
35:01 Heavy Camel Rider
35:23 Treadmill Crane
36:21 Plate Barding Armor
35:59 Fortified Wall
36:51 Chemistry
36:01 Stone Mining
38:24 Kshatriyas
38:40 Conscription
38:43 Frontier Guards
38:44 Conscription
jwL
10:37 Feudal Age
11:39 Double-Bit Axe
14:33 Castle Age
12:25 Horse Collar
15:40 Bow Saw
18:10 Loom
20:21 Fletching
21:28 Gold Mining
23:27 Wheelbarrow
23:03 Stone Mining
23:58 Bodkin Arrow
24:27 Ballistics
24:21 Town Watch
24:43 Padded Archer Armor
25:54 Fortified Wall
26:18 Leather Archer Armor
27:05 Hand Cart
27:31 Heavy Plow
28:08 Thumb Ring
31:48 Imperial Age
30:00 Masonry
32:37 Bracer
33:38 Chemistry
32:17 Elite Genoese Crossbowman
34:14 Two-Man Saw
34:06 Conscription
34:41 Architecture
34:42 Ring Archer Armor
34:31 Squires
34:33 Scale Mail Armor
36:18 Chain Mail Armor
39:00 Plate Mail Armor
38:41 Forging
38:21 Arson
39:36 Murder Holes
40:01 Town Patrol
40:23 Devotion
40:35 Pirotechnia
41:51 Crop Rotation
chenst2020
11:20 Feudal Age
15:04 Castle Age
13:23 Double-Bit Axe
15:12 Loom
22:25 Fletching
24:58 Gold Mining
25:21 Bow Saw
35:01 Imperial Age
32:41 Stone Mining
34:17 Stone Shaft Mining
40:29 Wheelbarrow
40:24 Conscription
42:50 Chemistry
Baby
10:04 Feudal Age
13:35 Castle Age
11:55 Double-Bit Axe
15:16 Wheelbarrow
15:27 Bow Saw
22:15 Gold Mining
23:16 Hand Cart
27:48 Imperial Age
25:39 Scale Barding Armor
25:44 Forging
26:38 Gold Shaft Mining
25:53 Stone Mining
27:00 Husbandry
27:21 Chain Barding Armor
27:36 Iron Casting
28:25 Cavalier
29:45 Conscription
29:23 Loom
29:56 Light Cavalry
31:07 Chivalry
32:33 Blast Furnace
32:08 Plate Barding Armor
31:43 Devotion
32:16 Paladin
32:32 Capped Ram
34:36 Chemistry
34:35 Fletching
34:43 Treadmill Crane
35:09 Bodkin Arrow
36:10 Coinage
35:40 Caravan
35:13 Ordonnance Companies
35:23 Ordonnance Companies
36:56 Faith
38:09 Ballistics
37:35 Arrowslits
Dantegutsh
7:15 Loom
9:07 Feudal Age
10:25 Double-Bit Axe
19:01 Castle Age
16:54 Loom
17:43 Gold Mining
17:41 Horse Collar
18:44 Scale Barding Armor
18:49 Forging
19:44 Bloodlines
20:48 Chain Barding Armor
32:19 Iron Casting
38:18 Imperial Age
37:27 Bow Saw
37:19 Heavy Plow
38:04 Wheelbarrow
38:17 Fletching
38:27 Padded Archer Armor
38:59 Bodkin Arrow
39:41 Plate Barding Armor
40:06 Blast Furnace
39:37 Hand Cart
39:51 Thumb Ring
39:06 Elite Skirmisher
39:06 Heavy Cavalry Archer
40:37 Leather Archer Armor
40:46 Ballistics
41:27 Chemistry
41:24 Squires
40:44 Pikeman
TaToHciego
7:34 Loom
10:12 Feudal Age
11:38 Wheelbarrow
14:38 Castle Age
13:24 Double-Bit Axe
15:29 Town Watch
17:28 Sanctity
17:37 Fervor
19:09 Pikeman
19:54 Scale Mail Armor
22:16 Horse Collar
26:00 Stone Mining
26:04 Gold Mining
28:01 Ballistics
28:33 Heavy Plow
33:03 Imperial Age
32:05 Fortified Wall
32:05 Masonry
32:15 Hand Cart
32:19 Bow Saw
33:36 Squires
35:06 Chemistry
34:27 Block Printing
34:44 Illumination
35:12 Redemption
34:26 Halberdier
39:06 Theocracy
[inkas'A] jony567
8:54 Loom
10:39 Feudal Age
16:18 Castle Age
14:14 Horse Collar
14:23 Double-Bit Axe
17:08 Fletching
17:07 Town Watch
Mike
10:10 Feudal Age
14:25 Castle Age
12:48 Double-Bit Axe
16:03 Bow Saw
15:51 Horse Collar
19:29 Heavy Plow
20:25 Husbandry
21:07 Scale Barding Armor
23:13 Forging
24:16 Chain Barding Armor
25:41 Loom
26:31 Wheelbarrow
29:52 Imperial Age
30:14 Heavy Hei Guang Cavalry
32:00 Plate Barding Armor
36:16 Thumb Ring
35:32 Crossbowman
37:21 Fletching
37:32 Padded Archer Armor
37:54 Ballistics
38:34 Chemistry
38:31 Arbalester
39:45 Bodkin Arrow
40:05 Leather Archer Armor
Connection lost

Rejoining the realm…

Still unreachable

The connection could not be restored.

Session expired

The server has moved on; the page needs a fresh start.